 Dungeon Crawl Stone Soup version 0.28.0-1-gb440e238dd (webtiles) character file.

Game seed: 4523039782571048712

79 Ablot the Grasshopper (level 4, -1/38 HPs)
             Began as a Gnoll Warper on Feb 22, 2022.
             Slain by an orc (7 damage)
             ... on level 3 of the Dungeon.
             The game lasted 00:02:24 (2308 turns).

Ablot the Grasshopper (Gnoll Warper)                Turns: 2308, Time: 00:02:24

Health: -1/38      AC:  4    Str: 12    XL:     4   Next: 37%
Magic:  11/11      EV: 13    Int: 12    God:
Gold:   188        SH:  0    Dex: 12    Spells: 11/13 levels left

rFire   . . .      SeeInvis .   a - +0 spear
rCold   . . .      Faith    .   (no shield)
rNeg    . . .      Spirit   .   b - +0 leather armour
rPois   .          Reflect  .   (no helmet)
rElec   .          Harm     .   (no cloak)
rCorr   .          Rampage  .   (no gloves)
Will    .....                   l - +0 pair of boots
Stlth   +.........              (no amulet)
HPRegen 0.12/turn               (no ring)
MPRegen 0.12/turn               (no ring)

@: no status effects
A: fangs 1, strong nose, distributed training
a: no special abilities


You were on level 3 of the Dungeon.
You visited 1 branch of the dungeon, and saw 3 of its levels.

You collected 188 gold pieces.

Inventory:

Hand Weapons
 a - a +0 spear (weapon)
Missiles
 d - 5 boomerangs of dispersal
 e - 2 boomerangs (quivered)
 f - 61 stones
 h - 3 poisoned darts
 m - 24 sling bullets
Armour
 b - a +0 leather armour (worn)
 l - a +0 pair of boots (worn)
Magical Staves
 j - a staff of cold
Scrolls
 c - a scroll of blinking
 i - a scroll of identify {unknown}
 k - a scroll of summoning {unknown}
 n - a scroll of fear {unknown}
Potions
 g - a potion of lignification {unknown}


   Skills:
 + Level 4.6 Fighting
 + Level 1.1 Short Blades
 + Level 1.1 Long Blades
 + Level 1.1 Axes
 + Level 1.1 Maces & Flails
 + Level 4.6 Polearms
 + Level 1.1 Staves
 + Level 1.1 Slings
 + Level 1.1 Bows
 + Level 1.1 Crossbows
 + Level 2.7 Throwing
 + Level 2.7 Armour
 + Level 4.6 Dodging
 + Level 1.1 Stealth
 + Level 1.1 Shields
 + Level 1.1 Unarmed Combat
 + Level 5.0 Spellcasting
 + Level 0.8 Conjurations
 + Level 0.8 Hexes
 + Level 0.8 Summonings
 + Level 0.8 Necromancy
 + Level 5.4 Translocations
 + Level 0.8 Transmutations
 + Level 0.8 Fire Magic
 + Level 0.8 Ice Magic
 + Level 0.8 Air Magic
 + Level 0.8 Earth Magic
 + Level 0.8 Poison Magic
 + Level 1.2 Invocations
 + Level 1.1 Evocations


You had 11 spell levels left.
You knew the following spells:

 Your Spells              Type           Power      Damage    Failure   Level
a - Blink                 Tloc           32%        N/A       4%          2

Your spell library contained the following spells:

 Spells                   Type           Power      Damage    Failure   Level
 Gell's Gravitas          Tloc           16%        N/A       8%          3
 Lesser Beckoning         Tloc           16%        N/A       8%          3
 Teleport Other           Tloc           16%        N/A       8%          3
 Manifold Assault         Tloc           16%        N/A       58%         5


Dungeon Overview and Level Annotations

Branches:
Dungeon (3/15)

Altars:
Ru
Zin


Innate Abilities, Weirdness & Mutations

You have very sharp teeth.
Your uncanny sense of smell can sniff out nearby items.
Your experience applies equally to all skills.


Message History

a +0 whip; a +0 war axe The orc shouts!
You hit the orc priest. You punch the orc priest.
The orc priest is heavily wounded.
The orc priest misses you. The orc hits you but does no damage.
You hit the orc priest.
The orc priest is heavily wounded.
The orc priest hits you with a +0 war axe!
The orc misses you.
Unknown command.
You hit the orc priest but do no damage.
You bite the orc priest.
The orc priest is severely wounded.
The orc priest invokes the aid of Beogh against you.
Pain shoots through your body!
* * * LOW HITPOINT WARNING * * *
Unknown command.
You hit the orc priest.
The orc priest is severely wounded.
The orc closely misses you.
The orc priest hits you but does no damage.
Unknown command.
You hit the orc priest.
You kill the orc priest!
The orc barely misses you.
You have reached level 4!
You feel agile.
You hit the orc. Your punch misses the orc. You bite the orc.
The orc is severely wounded.
The orc misses you. The orc barely misses you. x2
You hit the orc.
The orc is almost dead.
The orc barely misses you. x2
You hit the orc but do no damage.
The orc is almost dead.
The orc hits you with a +0 flail.
* * * LOW HITPOINT WARNING * * *
The orc hits you from afar with a +0 trident!
You die...

#.#.....#...###......
#.#.._..'..>.......#.
#.#.....#...####.....
#.#.....#.........###
#.#######.#######.#
#.........# #+#
#.##.###### #....####
####@##.##
#o#...####..
#o.......... ∆
#...........
#.##.####.#. #...###
#.#. #. . ## ##


You could see 2 orcs.

Vanquished Creatures
  An orc priest (D:3)
  An adder (D:2)
  3 dart slugs
  2 orcs (D:3)
  5 bats
  An endoplasm (D:2)
  3 goblins
  5 hobgoblins
  3 jackals (D:1)
  2 kobolds (D:1)
  A ball python (D:1)
  3 frilled lizards (D:2)
  2 rats (D:1)
32 creatures vanquished.

Notes
Turn   | Place    | Note
-------+----------+-------------------------------------------
     0 | D:1      | Ablot the Gnoll Warper began the quest for the Orb.
     0 | D:1      | Reached XP level 1. HP: 20/20 MP: 6/6
   176 | D:1      | Reached XP level 2. HP: 26/26 MP: 7/7
   179 | D:1      | Learned a level 2 spell: Blink
  1107 | D:2      | Reached skill level 5 in Spellcasting
  1107 | D:2      | Reached XP level 3. HP: 31/31 MP: 7/9
  1308 | D:2      | Reached skill level 1 in Invocations
  1929 | D:3      | Found a faded altar of an unknown god.
  2182 | D:3      | Found a glowing silver altar of Zin.
  2248 | D:3      | Found a sacrificial altar of Ru.
  2297 | D:3      | Reached skill level 1 in Short Blades
  2297 | D:3      | Reached skill level 1 in Long Blades
  2297 | D:3      | Reached skill level 1 in Axes
  2297 | D:3      | Reached skill level 1 in Maces & Flails
  2297 | D:3      | Reached skill level 1 in Staves
  2297 | D:3      | Reached skill level 1 in Slings
  2297 | D:3      | Reached skill level 1 in Bows
  2297 | D:3      | Reached skill level 1 in Crossbows
  2297 | D:3      | Reached skill level 1 in Stealth
  2297 | D:3      | Reached skill level 1 in Shields
  2297 | D:3      | Reached skill level 1 in Unarmed Combat
  2297 | D:3      | Reached skill level 1 in Evocations
  2303 | D:3      | Reached XP level 4. HP: 8/38 MP: 11/11
  2308 | D:3      | Slain by an orc

Illustrated notes

Levels and vault maps discovered:
D:1:      mrwooster_arrival_statue_2, layout_basic, columned_hall_lemuel
D:2:      layout_basic
D:3:      layout_loops_corners, amcnicky_altar_gilded, zin_academy,
          hellmonk_ecumenical_altar_arch_garden, patterned_corridor

Skill      XL: |  1  2  3 |
---------------+----------+-----
Spellcasting   | 5 |  5.0
Invocations    | 1 |  1.2
Short Blades   | 1 |  1.1
Long Blades    | 1 |  1.1
Axes           | 1 |  1.1
Maces & Flails | 1 |  1.1
Staves         | 1 |  1.1
Slings         | 1 |  1.1
Bows           | 1 |  1.1
Crossbows      | 1 |  1.1
Stealth        | 1 |  1.1
Shields        | 1 |  1.1
Unarmed Combat | 1 |  1.1
Evocations     | 1 |  1.1
Fighting       | |  4.6
Polearms       | |  4.6
Throwing       | |  2.7
Armour         | |  2.7
Dodging        | |  4.6
Conjurations   | |  0.8
Hexes          | |  0.8
Summonings     | |  0.8
Necromancy     | |  0.8
Translocations | |  5.4
Transmutations | |  0.8
Fire Magic     | |  0.8
Ice Magic      | |  0.8
Air Magic      | |  0.8
Earth Magic    | |  0.8
Poison Magic   | |  0.8

Action                   |  1- 3 |  4- 6 || total
-------------------------+-------+-------++-------
Melee: Spear             |   110 |     3 ||   113
       Bite              |    12 |     1 ||    13
       Punch             |     3 |       ||     3
 Stab: Sleeping          |     1 |       ||     1
Armor: Leather armour    |    12 |       ||    12
Dodge: Dodged            |    48 |     5 ||    53
